 Dungeon Crawl Stone Soup version 0.25.0-10-g039870ee82 (webtiles) character file.

Game seed: 8363638048779449083

659 funkygono the Shield-Bearer (level 7, 0/44 HPs)
             Began as a Gargoyle Fighter on June 22, 2020.
             Killed by nerve-wracking pain
             ... invoked by an orc priest
              (4 damage)
             ... on level 5 of the Dungeon.
             The game lasted 00:10:14 (4215 turns).

funkygono the Shield-Bearer (Gargoyle Fighter)      Turns: 4215, Time: 00:10:15

Health: 0/44       AC: 18    Str: 19    XL:     7   Next: 55%
Magic:  7/7        EV:  6    Int: 11    God:
Gold:   386        SH: 10    Dex:  9    Spells: 6/6 levels left

rFire    . . .     SeeInvis .   o - +2 whip (flame)
rCold    . . .     Gourm    .   c - +0 kite shield
rNeg     + . .     Faith    +   p - +0 chain mail
rPois    ∞         Spirit   .   r - +0 helmet
rElec    +         Reflect  .   s - +0 cloak
rCorr    .         Harm     .   (no gloves)
MR       .....                  m - +0 pair of boots
Stlth    ..........             h - amulet of faith
HPRegen  0.14/turn              (no ring)
MPRegen  0.10/turn              (no ring)

@: no status effects
A: negative energy resistance 1, electricity resistance, unbreathing,
petrification resistance, rot immunity, AC +4
a: no special abilities


You were on level 5 of the Dungeon.
You were not hungry.

You visited 1 branch of the dungeon, and saw 5 of its levels.

You collected 386 gold pieces.

Inventory:

Hand Weapons
 a - a +1 flail
 o - a +2 whip of flaming (weapon)
Missiles
 n - 173 stones (quivered)
Armour
 b - a +0 scale mail
 c - a +0 kite shield (worn)
 m - a +0 pair of boots (worn)
 p - a +0 chain mail (worn)
 r - a +0 helmet (worn)
 s - a +0 cloak (worn)
Jewellery
 h - an amulet of faith (around neck)
 x - an uncursed ring of magical power {unknown}
Wands
 u - a wand of acid (10)
Scrolls
 i - 4 scrolls of teleportation
 l - 2 scrolls of remove curse
 t - a scroll of enchant armour {unknown}
 v - 4 scrolls of identify
 w - a scroll of magic mapping
Potions
 d - 3 potions of might
 e - a potion of magic
 j - a potion of mutation
 k - 2 potions of curing
 q - a potion of berserk rage
 z - a potion of ambrosia {unknown}
Comestibles
 f - 11 rations
 g - 3 chunks of flesh


   Skills:
 + Level 4.3 Fighting
 + Level 5.2 Maces & Flails
 + Level 4.6 Armour
 + Level 1.0 Dodging
 + Level 0.9 Stealth
 + Level 5.8 Shields


You had 6 spell levels left.
You didn't know any spells.
Your spell library was empty.

Dungeon Overview and Level Annotations

Branches:
Dungeon (5/15)
 Temple: D:4-7

Altars:
Dithmenos
Elyvilon
Nemelex Xobeh
Xom
Yredelemnul
The Shining One


Innate Abilities, Weirdness & Mutations

You are resistant to torment.
Your stone body is resilient. (AC +4)
You are immune to poison.
You resist negative energy. (rN+)
You are resistant to electric shocks. (rElec)
You can survive without breathing.
You are immune to petrification.
You are immune to rotting.


Message History

You closely miss the orc priest.
The orc priest is moderately wounded.
The orc priest hits you but does no damage.
Your chain mail prevents you from hitting the orc priest.
The orc priest is moderately wounded.
The orc priest invokes the aid of Beogh against you.
Beogh smites you!
* * * LOW HITPOINT WARNING * * *
You hit the orc priest but do no damage.
The orc priest is moderately wounded.
The orc priest hits you but does no damage.
You hit the orc priest. You burn the orc priest.
The orc priest is heavily wounded.
You block the orc priest's attack.
A necrophage comes into view.
You hit the orc priest. You burn the orc priest.
The orc priest is severely wounded.
The orc priest mumbles some strange prayers to Beogh against you.
Pain shoots through your body!
You die...

# #...# #.# #.##.÷# #.# # #...#
#.# #.###.####.###. # #...# #.#
#.# #.......... # #...#####.###.#
#...##.### #......<......#
#(.....####
#####...###...#######...#.....#
...#....................#...#.#
#.....#.###..n#######.......#
......#.........@oo.............#
......##################........#
.................. ...........
.........######### ###.o......#
.#............# #.o......#
.##......####.# .........#
.##......# #.# ..........#
.##..##### #.# <........####.###


You could see a necrophage, an orc priest and an orc.

Vanquished Creatures
  3 scorpions
  A bullfrog zombie (D:5)
  An orc priest (D:5)
  2 hounds (D:5)
  An orc wizard (D:3)
  Jessica (D:2)
  A bullfrog skeleton (D:4)
  2 worker ants
  A worker ant zombie (D:4)
  10 adders
  2 shadow imps (D:5)
  2 oozes (D:3)
  An adder skeleton (D:5)
  2 worms (D:2)
  2 dart slugs
  2 leopard geckos
  16 orcs
  6 bats
  5 giant cockroaches (D:1)
  15 goblins
  11 hobgoblins
  7 jackals
  3 ball pythons
  A ball python skeleton (D:3)
  5 frilled lizards
  7 kobolds
  A quokka zombie (D:5)
  8 rats
119 creatures vanquished.

Notes
Turn   | Place    | Note
-------+----------+-------------------------------------------
     0 | D:1      | funkygono the Gargoyle Fighter began the quest for the Orb.
     0 | D:1      | Reached XP level 1. HP: 14/14 MP: 1/1
    87 | D:1      | Reached XP level 2. HP: 17/19 MP: 2/2
   332 | D:1      | Reached XP level 3. HP: 22/23 MP: 3/3
  1208 | D:2      | Noticed Jessica
  1225 | D:2      | Killed Jessica
  1225 | D:2      | Reached XP level 4. HP: 24/28 MP: 4/4
  1274 | D:2      | Found a faded altar of an unknown god.
  1290 | D:2      | Found a white marble altar of Elyvilon.
  1590 | D:2      | Reached XP level 5. HP: 33/33 MP: 5/5
  2513 | D:3      | Reached XP level 6. HP: 38/38 MP: 6/6
  2785 | D:3      | Reached skill level 5 in Shields
  3076 | D:4      | Found a shimmering altar of Xom.
  3078 | D:4      | Found a sparkling altar of Nemelex Xobeh.
  3078 | D:4      | Found a shadowy altar of Dithmenos.
  3080 | D:4      | Found a glowing silver altar of Zin.
  3080 | D:4      | Found a basalt altar of Yredelemnul.
  3080 | D:4      | Found a glowing golden altar of the Shining One.
  3586 | D:4      | Reached skill level 1 in Dodging
  3586 | D:4      | Reached XP level 7. HP: 43/43 MP: 7/7
  3705 | D:5      | Entered Level 5 of the Dungeon
  3900 | D:5      | Reached skill level 5 in Maces & Flails
  4215 | D:5      | Killed from afar by an orc priest

Illustrated notes

Levels and vault maps discovered:
D:1:      lemuel_arrival_hallway, layout_basic
D:2:      layout_basic, elyvilon_altar_1, first_ration,
          chequers_ecumenical_altar_island, uniq_jessica
D:3:      minmay_inner_zag, layout_rooms, wander_ebering_terrifying_dragon_lair
D:4:      layout_loops_ring, doesnt_xom_only_xom
D:5:      layout_basic, guppyfry_early_lair_pool

Skill      XL: |  1  2  3  4  5  6  7 |
---------------+----------------------+-----
Shields        | 4 5 |  5.8
Maces & Flails | 3 4 5 |  5.2
Armour         | 4 |  4.6
Fighting       | 4 |  4.3
Dodging        | 1 |  1.0
Stealth        | |  0.9

Action                   |  1- 3 |  4- 6 |  7- 9 || total
-------------------------+-------+-------+-------++-------
Melee: Flail             |   163 |   297 |       ||   460
       Whip              |       |    46 |    83 ||   129
  Use: Scroll            |     7 |     5 |       ||    12
  Eat: Chunk             |     1 |     8 |       ||     9
       Ration            |       |       |     1 ||     1
Armor: Scale mail        |    56 |       |       ||    56
       Chain mail        |    43 |   200 |    35 ||   278
Dodge: Dodged            |    52 |    63 |    13 ||   128
Block: Kite shield       |   110 |   159 |    36 ||   305
